 Dungeon Crawl Stone Soup version 0.28.0-53-g5a82cb258f (webtiles) character file.

Game seed: 14458072526279794934

21 protoss039 the Digger (level 2, 0/21 HPs)
             Began as a Demonspawn Earth Elementalist on June 15, 2022.
             Constricted to death by a ball python (1 damage)
             ... on level 1 of the Dungeon.
             The game lasted 00:01:16 (917 turns).

protoss039 the Digger (DsEE)                         Turns: 917, Time: 00:01:16

Health: 0/21       AC:  2    Str:  7 (8)  XL:     2   Next: 62%
Magic:  2/5        EV:  9    Int: 15 (16) God:
Gold:   22         SH:  0    Dex: 12 (13) Spells: 4/5 levels left

rFire   . . .      SeeInvis .   d - +0 club
rCold   . . .      Faith    .   (no shield)
rNeg    . . .      Spirit   .   b - +0 robe
rPois   .          Reflect  .   (no helmet)
rElec   .          Harm     .   (no cloak)
rCorr   .          Rampage  .   (no gloves)
Will    .....                   (no boots)
Stlth   ++........              (no amulet)
HPRegen 0.07/turn               k - +4 ring of slaying
MPRegen 0.09/turn               (no ring)

@: flying, constricted
A: claws 1
a: no special abilities


You were on level 1 of the Dungeon.
You visited 1 branch of the dungeon, and saw 1 of its levels.

You collected 22 gold pieces.

Inventory:

Hand Weapons
 d - a +0 club (weapon)
Missiles
 c - 10 stones
Armour
 b - a +0 robe (worn)
Jewellery
 k - a +4 ring of slaying (left claw)
Scrolls
 f - a scroll of enchant weapon {unknown}
 g - a scroll of holy word {unknown}
 i - a scroll of identify {unknown}
Potions
 e - a potion of curing {unknown}
 h - a potion of attraction {unknown}


   Skills:
 * Level 1.3 Fighting
 + Level 0.6 Armour
 - Level 1.7 Dodging
 - Level 1.7 Stealth
 + Level 2.2 Spellcasting
 - Level 1.0 Transmutations
 + Level 2.9 Earth Magic


You had 4 spell levels left.
You knew the following spells:

 Your Spells              Type           Power      Damage    Failure   Level
a - Sandblast             Erth           20%        2d7       7%          1

Your spell library contained the following spells:

 Spells                   Type           Power      Damage    Failure   Level
 Passwall                 Tmut/Erth      5%         N/A       14%         2
 Slow                     Hex            4%         N/A       22%         1
 Stone Arrow              Conj/Erth      12%        3d7       34%         3
 Confusing Touch          Hex            1%         N/A       54%         3
 Vampiric Draining        Necr           1%         2d6       54%         3
 Petrify                  Tmut/Erth      7%         N/A       67%         4


Dungeon Overview and Level Annotations

Branches:
Dungeon (1/15)

Altars:


Innate Abilities, Weirdness & Mutations

You have sharp fingernails.


Message History

You see here a +4 ring of slaying.
k - a +4 ring of slaying The bat barely misses you.
The frilled lizard bites you. The ball python barely misses you.
The ball python constricts you.
Okay, then.
k - a +4 ring of slaying (left claw)
The frilled lizard bites you. The bat hits you.
Unknown command.
Unknown command.
You escape the ball python's grasp.
The bat hits you. The bat closely misses you. The ball python bites you.
The ball python barely misses you. The bat hits you.
The bat hits you but does no damage. The ball python bites you.
* * * LOW HITPOINT WARNING * * *
The ball python grabs you. The ball python constricts you.
* * * LOW HITPOINT WARNING * * *
The ball python's grasp on you weakens, but your attempt to escape fails.
The ball python bites you.
* * * LOW HITPOINT WARNING * * *
The ball python constricts you.
* * * LOW HITPOINT WARNING * * *
Unknown command.
You escape the ball python's grasp.
The bat hits you but does no damage.
Unknown command.
The bat hits you but does no damage.
Unknown command.
It was a potion of degeneration.
There was something very wrong with that liquid.
You feel weakened.
You feel dopey.
You feel clumsy. The bat completely misses you.
The bat hits you but does no damage.
The ball python bites you but does no damage.
The ball python misses you.
Unknown command.
It was a potion of flight.
You feel very buoyant.
You fly up into the air.
The frilled lizard closely misses you. The ball python closely misses you.
The ball python grabs you. The ball python constricts you.
You die...

...................##...#........
......#####...........###........
......# ###......#### #........
......## #......# .##### ........
#......# ........ #......#
........#####..#####
..............bl#####
..............#S@...#
............#####.# ............#
............# ######.....##
#.....# #.....# #.....# #.....#


You could see a bat, a ball python and a frilled lizard.

Vanquished Creatures
  A dart slug (D:1)
  2 endoplasms (D:1)
  A giant cockroach (D:1)
  4 quokkas (D:1)
  4 ball pythons (D:1)
  A bat (D:1)
  2 goblins (D:1)
  A kobold (D:1)
  A rat (D:1)
  A spectral hobgoblin (D:1)
18 creatures vanquished.

Notes
Turn   | Place    | Note
-------+----------+-------------------------------------------
     0 | D:1      | protoss039 the Demonspawn Earth Elementalist began the
                  | quest for the Orb.
     0 | D:1      | Reached XP level 1. HP: 13/13 MP: 3/3
     4 | D:1      | Noticed a demonspawn zombie
    15 | D:1      | Noticed a demonspawn zombie
    15 | D:1      | Noticed a demonspawn zombie
    29 | D:1      | Reached skill level 1 in Transmutations
   313 | D:1      | Gained mutation: You have sharp fingernails. [demonic
                  | ancestry]
   313 | D:1      | Reached XP level 2. HP: 9/20 MP: 1/5
   488 | D:1      | Reached skill level 1 in Fighting
   639 | D:1      | Found a faded altar of an unknown god.
   913 | D:1      | HP: 1/21 [constriction (1)]
   917 | D:1      | Constricted to death by a ball python

Illustrated notes

Levels and vault maps discovered:
D:1:      shiori_arrival_whats_in_store_for_you, layout_rooms,
          dreamdust_ecumenical_altar_drowned_temple

Skill      XL: |  1  2 |
---------------+-------+-----
Transmutations | 1 |  1.0
Fighting       | 1 |  1.3
Armour         | |  0.6
Dodging        | |  1.7
Stealth        | |  1.7
Spellcasting   | |  2.2
Earth Magic    | |  2.9

Action                   || total
-------------------------++-------
Melee: Club              ||    35
       Punch             ||     2
 Cast: Sandblast         ||    23
  Use: Potion            ||     2
 Stab: Sleeping          ||     1
Armor: Robe              ||    17
Dodge: Dodged            ||    42
